SL
WIZARDING EXPRESS @ ROCKY MOUNTAIN NUGGETS
07/17/2031
 
TOP OF THE 1ST
Wizarding Express batting - Pitching for Rocky Mountain Nuggets : LHP Carlos Medina
Pitching: LHP Carlos Medina
Batting: LHB José Corona 0-0: Called Strike
0-1: Ground out 1-3 (Groundball, 13S)
Batting: RHB Frank Grimes 0-0: Called Strike
0-1: Swinging Strike
0-2: Ball
1-2: Foul Ball, location: 2F
1-2: Foul Ball, location: 2F
1-2: Hit by Pitch
Batting: RHB António Martínez 0-0: Ball
1-0: Ball
2-0: SINGLE (Groundball, 6MD)
Frank Grimes to second
Batting: RHB Ralph Cranford 0-0: Swinging Strike
0-1: Ball
1-1: Swinging Strike
1-2: Ball
2-2: Ball
3-2: Grounds into double play, 6-4-3 (Groundball, 6)
Top of the 1st over - 0 runs, 1 hit, 0 errors, 1 left on base; Wizarding 0 - Rocky Mountain 0
BOTTOM OF THE 1ST
Rocky Mountain Nuggets batting - Pitching for Wizarding Express : RHP Juan Torres
Pitching: RHP Juan Torres
Batting: RHB Manuel Becerra 0-0: Called Strike
0-1: Ball
1-1: Ball
2-1: Ground out 1-3 (Groundball, 13)
Batting: RHB Sergio Martínez 0-0: Ball
1-0: Called Strike
1-1: Foul Ball, location: 2F
1-2: Foul Ball, location: 2F
1-2: Foul Ball, location: 2F
1-2: Fly out, F3 (Popup, 3SF)
Batting: RHB Paco Muńóz 0-0: Ball
1-0: SINGLE (Groundball, 56D)
Batting: LHB Roberto Sánchez 0-0: Foul Ball, location: 2F
0-1: Ball
1-1: Swinging Strike
1-2: Ball
2-2: Strikes out swinging
Bottom of the 1st over - 0 runs, 1 hit, 0 errors, 1 left on base; Wizarding 0 - Rocky Mountain 0
TOP OF THE 2ND
Wizarding Express batting - Pitching for Rocky Mountain Nuggets : LHP Carlos Medina
Batting: LHB Nathan Tanner 0-0: SINGLE (Groundball, 4D)
Batting: SHB Salvador Trevino 0-0: Ball
1-0: Foul Ball, location: 2F
1-1: Ball
2-1: Foul Ball, location: 2F
2-2: Foul Ball, location: 2F
2-2: Ground out 5-3 (Groundball, 5S)
Nathan Tanner to second
Batting: LHB David Holbrook 0-0: Called Strike
0-1: Ball
1-1: Ball
2-1: Ball
3-1: Called Strike
3-2: Foul Ball, location: 2F
3-2: Foul Ball, location: 2F
3-2: Base on Balls
Batting: LHB António Boccanegra 0-0: Foul Ball, location: 2F
0-1: Called Strike
0-2: Ball
1-2: Grounds into double play, 4-6-3 (Groundball, 4)
Top of the 2nd over - 0 runs, 1 hit, 0 errors, 1 left on base; Wizarding 0 - Rocky Mountain 0
BOTTOM OF THE 2ND
Rocky Mountain Nuggets batting - Pitching for Wizarding Express : RHP Juan Torres
Batting: RHB Ed Adams 0-0: Called Strike
0-1: Called Strike
0-2: Strikes out looking
Batting: LHB Sisto Pagnamenta 0-0: Ball
1-0: Ball
2-0: Ball
3-0: Called Strike
3-1: Base on Balls
Batting: RHB Matt Sheppard 0-0: Called Strike
0-1: Ball
1-1: Ball
Sisto Pagnamenta steals 2nd base
2-1: Ball
3-1: Ground out 4-3 (Groundball, 4)
Sisto Pagnamenta to third
Batting: RHB Pedro Longoria 0-0: Ground out 4-3 (Groundball, 4MD)
Bottom of the 2nd over - 0 runs, 0 hits, 0 errors, 1 left on base; Wizarding 0 - Rocky Mountain 0
TOP OF THE 3RD
Wizarding Express batting - Pitching for Rocky Mountain Nuggets : LHP Carlos Medina
Batting: RHB Gonzalo Ángel 0-0: Called Strike
0-1: Swinging Strike
0-2: Ball
1-2: Foul Ball, location: 2F
1-2: Foul Ball, location: 2F
1-2: Ball
2-2: Strikes out swinging
Batting: LHB José Corona 0-0: Ball
1-0: Fly out, F9 (Flyball, 89D)
Batting: RHB Frank Grimes 0-0: Called Strike
0-1: DOUBLE (Line Drive, 9LS)
Batting: RHB António Martínez 0-0: Ball
1-0: Ground out 4-3 (Groundball, 4)
Top of the 3rd over - 0 runs, 1 hit, 0 errors, 1 left on base; Wizarding 0 - Rocky Mountain 0
BOTTOM OF THE 3RD
Rocky Mountain Nuggets batting - Pitching for Wizarding Express : RHP Juan Torres
Batting: RHB John Burton 0-0: Called Strike
0-1: Foul Ball, location: 2F
0-2: Ground out 4-3 (Groundball, 4)
Batting: RHB Manuel Becerra 0-0: Foul Ball, location: 2F
0-1: Called Strike
0-2: Foul Ball, location: 2F
0-2: Ball
1-2: Ball
2-2: Ball
3-2: Ground out 5-3 (Groundball, 56S)
Batting: RHB Sergio Martínez 0-0: Foul Ball, location: 2F
0-1: SINGLE (Groundball, 34S) (infield hit)
Batting: RHB Paco Muńóz 0-0: Ball
1-0: Fly out, F8 (Flyball, 8LM)
Bottom of the 3rd over - 0 runs, 1 hit, 0 errors, 1 left on base; Wizarding 0 - Rocky Mountain 0
TOP OF THE 4TH
Wizarding Express batting - Pitching for Rocky Mountain Nuggets : LHP Carlos Medina
Batting: RHB Ralph Cranford 0-0: SINGLE (Line Drive, 6D)
Batting: LHB Nathan Tanner 0-0: Ball
1-0: Foul Ball, location: 2F
1-1: Called Strike
1-2: Fly out, F7 (Flyball, 7)
Batting: SHB Salvador Trevino 0-0: Ball
1-0: Ball
2-0: Fly out, F9 (Flyball, 9LSF)
Batting: LHB David Holbrook 0-0: Called Strike
0-1: Called Strike
0-2: Ball
Ralph Cranford is caught stealing 2nd base
Top of the 4th over - 0 runs, 1 hit, 0 errors, 0 left on base; Wizarding 0 - Rocky Mountain 0
BOTTOM OF THE 4TH
Rocky Mountain Nuggets batting - Pitching for Wizarding Express : RHP Juan Torres
Batting: LHB Roberto Sánchez 0-0: Ball
1-0: Ground out 6-3 (Groundball, 6M)
Batting: RHB Ed Adams 0-0: Ground out 5-3 (Groundball, 56)
Batting: LHB Sisto Pagnamenta 0-0: Called Strike
0-1: Foul Ball, location: 2F
0-2: Fly out, F7 (Flyball, 7)
Bottom of the 4th over - 0 runs, 0 hits, 0 errors, 0 left on base; Wizarding 0 - Rocky Mountain 0
TOP OF THE 5TH
Wizarding Express batting - Pitching for Rocky Mountain Nuggets : LHP Carlos Medina
Batting: LHB David Holbrook 0-0: Ball
1-0: Ground out 1-3 (Groundball, 13S)
Batting: LHB António Boccanegra 0-0: Ground out 6-3 (Groundball, 6)
Batting: RHB Gonzalo Ángel 0-0: Ball
1-0: Ball
2-0: DOUBLE (Line Drive, 78M)
Batting: LHB José Corona 0-0: Called Strike
0-1: Swinging Strike
0-2: Foul Ball, location: 2F
0-2: Ball
1-2: Foul Ball, location: 2F
1-2: Hit by Pitch
Batting: RHB Frank Grimes 0-0: Ball
1-0: Called Strike
1-1: SINGLE (Line Drive, 4MD)
Gonzalo Ángel to third
José Corona to second
Runner from 3rd tries for Home, SAFE, no throw
Batting: RHB António Martínez 0-0: SINGLE (Groundball, 56D)
José Corona to third
Frank Grimes to second
Runner from 3rd tries for Home, SAFE, no throw
Batting: RHB Ralph Cranford 0-0: Ball
1-0: Ball
2-0: Ball
3-0: Base on Balls
Frank Grimes to third
António Martínez to second
Batting: LHB Nathan Tanner 0-0: Ball
1-0: Ball
2-0: Called Strike
2-1: Foul Ball, location: 2F
2-2: Ball
3-2: Base on Balls
Frank Grimes scores
António Martínez to third
Ralph Cranford to second
Batting: SHB Salvador Trevino 0-0: Called Strike
0-1: Ball
1-1: Foul Ball, location: 2F
1-2: Foul Ball, location: 2F
1-2: Ball
2-2: Ball
3-2: Foul Ball, location: 2F
3-2: Fly out, F8 (Flyball, 8LD)
Top of the 5th over - 3 runs, 3 hits, 0 errors, 3 left on base; Wizarding 3 - Rocky Mountain 0
BOTTOM OF THE 5TH
Rocky Mountain Nuggets batting - Pitching for Wizarding Express : RHP Juan Torres
Batting: RHB Matt Sheppard 0-0: Foul Ball, location: 2F
0-1: Called Strike
0-2: Strikes out swinging
Batting: RHB Pedro Longoria 0-0: Ball
1-0: Swinging Strike
1-1: Called Strike
1-2: Fly out, F6 (Line Drive, 6)
Batting: RHB John Burton 0-0: SINGLE (Line Drive, 8LS)
Batting: RHB Manuel Becerra 0-0: Foul Ball, location: 2F
0-1: Ground out 5-3 (Groundball, 56S)
Bottom of the 5th over - 0 runs, 1 hit, 0 errors, 1 left on base; Wizarding 3 - Rocky Mountain 0
TOP OF THE 6TH
Wizarding Express batting - Pitching for Rocky Mountain Nuggets : LHP Carlos Medina
Pitching: RHP Carlos Trevino
Batting: LHB David Holbrook 0-0: Ball
1-0: Foul Ball, location: 2F
1-1: Foul Ball, location: 2F
1-2: Reached on error, E3 (Groundball, 3)
Batting: LHB António Boccanegra 0-0: Ball
1-0: Ball
2-0: Sac Bunt - play at second, runner safe!
Batting: RHB Gonzalo Ángel 0-0: Sac Bunt - play at first, batter OUT! 1-3
David Holbrook to third
António Boccanegra to second
Batting: LHB José Corona 0-0: Intentional Walk
Batting: RHB Frank Grimes 0-0: Foul Ball, location: 2F
0-1: SINGLE (Groundball, 56D)
David Holbrook scores
António Boccanegra to third
José Corona to second
Runner from 3rd tries for Home, SAFE, no throw
Batting: RHB António Martínez 0-0: Ball
1-0: Ball
José Corona steals 3rd base
Frank Grimes to second
2-0: Swinging Strike
2-1: Fly out, F9 (Flyball, 89S)
Runner from 3rd tags up, SCORES, no throw
Batting: RHB Ralph Cranford 0-0: Fly out, F7 (Flyball, 78S)
Top of the 6th over - 3 runs, 1 hit, 1 error, 1 left on base; Wizarding 6 - Rocky Mountain 0
BOTTOM OF THE 6TH
Rocky Mountain Nuggets batting - Pitching for Wizarding Express : RHP Juan Torres
Batting: RHB Sergio Martínez 0-0: Ball
1-0: Ball
2-0: Called Strike
2-1: Foul Ball, location: 2F
2-2: Ball
3-2: Base on Balls
Batting: RHB Paco Muńóz 0-0: Ball
1-0: Ball
2-0: Ball
3-0: Called Strike
3-1: Fly out, F7 (Flyball, 7D)
Batting: LHB Roberto Sánchez 0-0: Foul Ball, location: 2F
0-1: Ball
1-1: Swinging Strike
1-2: Ball
2-2: Foul Ball, location: 2F
2-2: Foul Ball, location: 2F
2-2: Foul Ball, location: 2F
2-2: Foul Ball, location: 2F
2-2: Ball
3-2: Strikes out swinging
Batting: RHB Ed Adams 0-0: Ball
1-0: Ball
2-0: Foul Ball, location: 2F
2-1: Foul Ball, location: 2F
2-2: Fly out, F9 (Flyball, 89S)
Bottom of the 6th over - 0 runs, 0 hits, 0 errors, 1 left on base; Wizarding 6 - Rocky Mountain 0
TOP OF THE 7TH
Wizarding Express batting - Pitching for Rocky Mountain Nuggets : RHP Carlos Trevino
Batting: LHB Nathan Tanner 0-0: Called Strike
0-1: Ball
1-1: Called Strike
1-2: Ball
2-2: Ball
3-2: Foul Ball, location: 2F
3-2: SINGLE (Groundball, 34D)
Batting: SHB Salvador Trevino 0-0: Ball
1-0: Called Strike
1-1: Foul Ball, location: 2F
1-2: Ball
2-2: Foul Ball, location: 2F
2-2: Ball
3-2: Foul Ball, location: 2F
3-2: Base on Balls
Nathan Tanner to second
Batting: LHB David Holbrook 0-0: Ball
1-0: Called Strike
1-1: Swinging Strike
1-2: SINGLE (Groundball, 13S) (infield hit)
Nathan Tanner to third
Salvador Trevino to second
Batting: LHB António Boccanegra 0-0: Called Strike
0-1: Foul Ball, location: 2F
0-2: Ball
1-2: GRAND SLAM HOME RUN (Flyball, 7LD), Distance : 353 ft
Pinch Hitting: RHB Roy Herring 0-0: Foul Ball, location: 2F
0-1: Ball
1-1: Foul Ball, location: 2F
1-2: Fly out, F3 (Popup, 3F)
Batting: LHB José Corona 0-0: Ball
1-0: Foul Ball, location: 2F
1-1: Ball
2-1: Called Strike
2-2: Strikes out swinging
Batting: RHB Frank Grimes 0-0: Foul Ball, location: 2F
0-1: Foul Ball, location: 2F
0-2: Ball
1-2: Fly out, F9 (Flyball, 9S)
Top of the 7th over - 4 runs, 3 hits, 0 errors, 0 left on base; Wizarding 10 - Rocky Mountain 0
BOTTOM OF THE 7TH
Rocky Mountain Nuggets batting - Pitching for Wizarding Express : RHP Juan Torres
Now at 1B: David Breitling
Batting: LHB Sisto Pagnamenta 0-0: Ball
1-0: Ball
2-0: Foul Ball, location: 2F
2-1: Called Strike
2-2: Foul Ball, location: 2F
2-2: Strikes out looking
Batting: RHB Matt Sheppard 0-0: Ball
1-0: Ball
2-0: Ball
3-0: Called Strike
3-1: Called Strike
3-2: Ground out 6-3 (Groundball, 6)
Batting: RHB Pedro Longoria 0-0: Ground out 4-3 (Groundball, 34)
Bottom of the 7th over - 0 runs, 0 hits, 0 errors, 0 left on base; Wizarding 10 - Rocky Mountain 0
TOP OF THE 8TH
Wizarding Express batting - Pitching for Rocky Mountain Nuggets : RHP Carlos Trevino
Batting: RHB António Martínez 0-0: Ball
1-0: Ball
2-0: Swinging Strike
2-1: Called Strike
2-2: Ball
3-2: Foul Ball, location: 2F
3-2: Foul Ball, location: 2F
3-2: Foul Ball, location: 2F
3-2: Foul Ball, location: 2F
3-2: Foul Ball, location: 2F
3-2: Foul Ball, location: 2F
3-2: Base on Balls
Pitching: RHP Omar Casteneda
Batting: RHB Ralph Cranford 0-0: Fly out, F7 (Flyball, 7LS)
Batting: LHB Nathan Tanner 0-0: Called Strike
António Martínez steals 2nd base
0-1: Ball
1-1: Fly out, F9 (Line Drive, 9LM)
Batting: SHB Salvador Trevino 0-0: Called Strike
0-1: Ball
1-1: Swinging Strike
1-2: Fly out, F9 (Flyball, 89D)
Top of the 8th over - 0 runs, 0 hits, 0 errors, 1 left on base; Wizarding 10 - Rocky Mountain 0
BOTTOM OF THE 8TH
Rocky Mountain Nuggets batting - Pitching for Wizarding Express : RHP Juan Torres
Batting: RHB John Burton 0-0: Ball
1-0: Ball
2-0: Ball
3-0: Foul Ball, location: 2F
3-1: Foul Ball, location: 2F
3-2: Foul Ball, location: 2F
3-2: Base on Balls
Batting: RHB Manuel Becerra 0-0: Called Strike
0-1: Foul Ball, location: 2F
0-2: Ball
1-2: Ball
2-2: SINGLE (Groundball, 56D)
John Burton to second
Runner from 2nd tries for 3rd, SAFE, no throw
Batting: RHB Sergio Martínez 0-0: Ball
1-0: Foul Ball, location: 2F
1-1: Foul Ball, location: 2F
1-2: Foul Ball, location: 2F
1-2: Strikes out swinging
Batting: RHB Paco Muńóz 0-0: Called Strike
0-1: Fly out, F7 (Flyball, 7S)
Runner from 3rd tags up, SCORES, throw made
Pitching: LHP Octávio Ríos
Batting: LHB Roberto Sánchez 0-0: Ball
1-0: Fly out, F8 (Flyball, 89D)
Bottom of the 8th over - 1 run, 1 hit, 0 errors, 1 left on base; Wizarding 10 - Rocky Mountain 1
TOP OF THE 9TH
Wizarding Express batting - Pitching for Rocky Mountain Nuggets : RHP Omar Casteneda
Batting: LHB David Holbrook 0-0: Foul Ball, location: 2F
0-1: Ball
1-1: Ball
2-1: Swinging Strike
2-2: DOUBLE (Line Drive, 9LD) - OUT at third base trying to stretch hit.
Pinch Hitting: SHB Jake Richardson 0-0: Ball
1-0: Foul Ball, location: 2F
1-1: Foul Ball, location: 2F
1-2: Ball
2-2: Hit by Pitch
Batting: LHB David Breitling 0-0: Called Strike
0-1: Called Strike
0-2: Ball
1-2: Ball
2-2: Ball
3-2: Strikes out swinging
Batting: LHB José Corona 0-0: Fly out, F3 (Line Drive, 3)
Top of the 9th over - 0 runs, 1 hit, 0 errors, 1 left on base; Wizarding 10 - Rocky Mountain 1
BOTTOM OF THE 9TH
Rocky Mountain Nuggets batting - Pitching for Wizarding Express : LHP Octávio Ríos
Now at C: Jake Richardson
Batting: RHB Ed Adams 0-0: Fly out, F7 (Flyball, 78M)
Batting: LHB Sisto Pagnamenta 0-0: Swinging Strike
0-1: Swinging Strike
0-2: Ball
1-2: Strikes out swinging
Batting: RHB Matt Sheppard 0-0: Ball
1-0: Ball
2-0: Ball
3-0: Called Strike
3-1: Foul Ball, location: 2F
3-2: Base on Balls
Batting: RHB Pedro Longoria 0-0: Called Strike
0-1: Ball
1-1: Foul Ball, location: 2F
1-2: Ball
2-2: Ball
3-2: DOUBLE (Groundball, 5L)
Matt Sheppard to third
Matt Sheppard scores
Batting: RHB John Burton 0-0: Called Strike
0-1: Ball
1-1: Foul Ball, location: 2F
1-2: Ball
2-2: Ball
3-2: Base on Balls
Batting: RHB Manuel Becerra 0-0: SINGLE (Line Drive, 56D)
Pedro Longoria to third
John Burton to second
Batting: RHB Sergio Martínez 0-0: Foul Ball, location: 2F
0-1: SINGLE (Line Drive, 3)
Pedro Longoria scores
John Burton to third
Manuel Becerra to second
Batting: RHB Paco Muńóz 0-0: Ball
1-0: Ball
2-0: Ball
3-0: Base on Balls
John Burton scores
Manuel Becerra to third
Sergio Martínez to second
Pitching: LHP Dorian Daly
Batting: LHB Roberto Sánchez 0-0: Ball
1-0: Foul Ball, location: 2F
1-1: Called Strike
1-2: Strikes out looking
Bottom of the 9th over - 3 runs, 3 hits, 0 errors, 3 left on base; Wizarding 10 - Rocky Mountain 4
Tuesday, June 12th, 2018 - OOTP Baseball 18.8 Build 76